 Dungeon Sprint DCSS version 0.31-a0-662-g684573625c (webtiles) character file.

Game seed: 11267789106577308694

10 dialectric the Covert (level 2, 0/15 HPs)
             Began as a Spriggan Brigand on Sept 1, 2023.
             Slain by a merfolk siren
             ... wielding a +0 trident
              (15 damage)
             ... in the Dungeon (Sprint II: "The Violet Keep of Menkaure").
             The game lasted 00:00:25 (29 turns).

dialectric the Covert (Spriggan Brigand)              Turns: 29, Time: 00:00:26

Health: 0/15       AC:  3    Str:  7    XL:     2   Next: 10%
Magic:  3/3        EV: 16    Int: 12    God:
Gold:   243        SH:  0    Dex: 16    Spells: 1/1 levels left

rFire   . . .        a - +2 dagger
rCold   . . .        (no shield)
rNeg    . . .        b - +0 robe
rPois   .            (helmet restricted)
rElec   .            c - +0 cloak
rCorr   .            (gloves unavailable)
SInv    +            (boots unavailable)
Will    .....        (no amulet)
Stlth   ++++         (no ring)
HPRegen 0.22/turn    (no ring)
MPRegen 0.08/turn

%: no teleportation
@: very quick
A: very small, no large weapons, unfitting armour, see invisible, speed 3
a: no special abilities


You were in the Dungeon.
You visited 1 branch You collected 243 gold pieces.

Inventory:

Hand Weapons
 a - a +2 dagger (weapon)
Missiles
 d - 9 poisoned darts
Armour
 b - a +0 robe (worn)
 c - a +0 cloak (worn)
Scrolls
 k - a scroll of blinking
Potions
 f - a potion of curing
 g - a potion of heal wounds
 h - a potion of haste
 i - 2 potions of magic
 j - a potion of berserk rage


   Skills:
 + Level 1.8 Fighting
 + Level 2.5 Short Blades
 - Level 2.1 Throwing
 + Level 1.5 Dodging
 + Level 8.4 Stealth


You had one spell level left.
You didn't know any spells.
Your spell library was empty.

Dungeon Overview and Level Annotations

Branches:
Dungeon (1/1)

Altars:

Shops:
D !::([!=


Innate Abilities, Weirdness & Mutations

You are very small and have problems with some larger weapons.
You are too small for most types of armour.
You have supernaturally acute eyesight. (SInv)
You cover ground extremely quickly. (Speed+++)


Message History

The worm convulses.
The worm seems to be slow for longer.
The worm is severely wounded.
You kill the worm!
Unknown command.
e - 2 curare-tipped darts You see here a worm corpse.
You now have 243 gold pieces.
You see here a worm corpse.
You open the door.
Found five shops.
A worm comes into view.
Found Nanutyph's Jewellery Shop and Ixostren's Antique Weapon Shop.
There is an open door here.
The helpless worm fails to defend itself.
You perforate the worm like a sieve!!!
You kill the worm!
Your Stealth skill increases to level 8!
You have reached level 2!
There is an open door here.
You see here a worm corpse.
There is an open door here.
You open the door.
A merfolk siren comes into view. It is wielding a +0 trident.
Throw: 2 darts (curare)
Press: ? - help, Q - select action, (/) - cycle Shift-Dir - straight line, f - merfolk siren
Aim: a merfolk siren, wielding a +0 trident (50% to hit)
You throw a curare-tipped dart.
The curare-tipped dart closely misses the merfolk siren.
The merfolk siren closely misses you.
Throw: dart (curare)
Press: ? - help, Q - select action, (/) - cycle Shift-Dir - straight line, f/p - merfolk siren
Aim: a merfolk siren, wielding a +0 trident (50% to hit)
You throw a curare-tipped dart.
The curare-tipped dart hits the merfolk siren.
The merfolk siren is poisoned.
The merfolk siren convulses.
The merfolk siren seems to slow down.
The merfolk siren is lightly wounded.
The merfolk siren hits you from afar with a +0 trident!
Ouch! That really hurt!
You die...

######~ .....#~
## ## ⌠....#~
##. .## .∩...#~
..#.. ..∩..#~ ##
.m. .∩.∩.#~##.#
#'#
..∩.∩#~#.####@##
+~'##.'.<.+
....∩#~#.†.##.##
▓▓▓###~##.###+#
######~ ### ##


You could see a merfolk siren (very poisoned, slow).

Vanquished Creatures
  3 worms (D)
3 creatures vanquished.

Notes
Turn   | Place    | Note
-------+----------+-------------------------------------------
     0 | D        | dialectric the Spriggan Brigand began the quest for the
                  | Orb.
     0 | D        | Reached XP level 1. HP: 10/10 MP: 2/2
     5 | D        | Reached skill level 7 in Stealth
    16 | D        | Found Suajeit's Distillery.
    16 | D        | Found Uqizagom's Antique Armour Shop.
    16 | D        | Found Xeub's Book Boutique.
    16 | D        | Found Velaup's Book Boutique.
    16 | D        | Found Hapnev's Distillery.
    17 | D        | Found Nanutyph's Jewellery Shop.
    17 | D        | Found Ixostren's Antique Weapon Shop.
    20 | D        | Reached skill level 8 in Stealth
    20 | D        | Reached XP level 2. HP: 15/15 MP: 3/3
    27 | D        | Noticed a merfolk siren
    29 | D        | Slain by a merfolk siren

Illustrated notes

Levels and vault maps discovered:
D:        the_violet_keep_of_menkaure [sprint2_stairs_cluster_1,
          sprint2_shoproom, sprint2_temple, sprint2_basic_supplies,
          sprint2_obstacle_7, sprint2_obstacle_2, sprint2_obstacle_5,
          sprint2_obstacle_6, sprint2_obstacle_4, sprint2_timed_cluster_1,
          sprint2_smallroom_cluster_1, sprint2_smallroom_final_cluster_1,
          sprint2_transparent_cluster_1, sprint2_second_timed_cluster_1,
          sprint2_sniper_area_1, sprint2_heavy_combat_area_1,
          sprint2_mutation_trap_area_1, sprint2_forest_area_1,
          sprint2_light_combat_area_1, sprint2_behind_water_1,
          sprint2_near_end_vault_1]

Skill      XL: |  1 |
---------------+----+-----
Stealth        | 8 |  8.4
Fighting       | |  1.8
Short Blades   | |  2.5
Throwing       | |  2.1
Dodging        | |  1.5

Action                     || total
---------------------------++-------
  Melee: Dagger            ||     2
  Throw: Dart              ||     5
   Stab: Sleeping          ||     2
 Armour: Robe              ||     1
  Dodge: Dodged            ||     2

Table legend: (Time is in decaauts)
 A = Elapsed time spent in this place.
 B = Non-inter-level travel time spent in this place.
 C = Inter-level travel time spent in this place.
 D = Time resting spent in this place.
 E = Time spent auto-exploring this place.
 F = Levels seen in this place.
 G = Mean time per level.
                   A        B        C        D        E       F      G
               +--------+--------+--------+--------+--------+-----+--------+
         Total |     21 |     21 |      0 |      0 |      0 |   1 |   21.0 |
       Dungeon |     21 |     21 |      0 |      0 |      0 |   1 |   21.0 |
               +--------+--------+--------+--------+--------+-----+--------+

Top non-repeatable levels by time:
       D: 21 daAuts
